 Dungeon Crawl Stone Soup version 0.30-a0-986-g7f2e898f52 (webtiles) character file.

Game seed: 12142366940350436645

8 Zonian the Ruffian (level 2, -8/15 HPs)
             Began as a Vine Stalker Gladiator on Apr 1, 2023.
             Mangled by a gnoll
             ... wielding a +0 spear
              (9 damage)
             ... on level 1 of the Dungeon.
             The game lasted 00:00:38 (286 turns).

Zonian the Ruffian (Vine Stalker Gladiator)          Turns: 286, Time: 00:00:39

Health: -8/15      AC:  4    Str: 16    XL:     2   Next: 8%
Magic:  0/3        EV: 12    Int:  8    God:
Gold:   6          SH:  0    Dex: 15    Spells: 1/1 levels left

rFire   . . .      SeeInvis .      - Unarmed
rCold   . . .      Faith    .    (no shield)
rNeg    . . .      Spirit   +    a - +0 leather armour
rPois   .          Reflect  .    b - +0 helmet
rElec   .          Rampage  .    (no cloak)
rCorr   .                        (no gloves)
Will    .....                    (no boots)
Stlth   +                        (no amulet)
HPRegen 0.22/turn                (no ring)
MPRegen 0.08/turn                (no ring)

@: no status effects
A: fangs 2, magic shield, antimagic bite, no potion heal 2
a: no special abilities


You were on level 1 of the Dungeon.
You visited 1 branch of the dungeon, and saw 1 of its levels.

You collected 6 gold pieces.

Inventory:

Hand Weapons
 e - a +0 dagger of protection
Missiles
 c - 2 throwing nets (quivered)
 d - a javelin
Armour
 a - a +0 leather armour (worn)
 b - a +0 helmet (worn)


   Skills:
 + Level 2.0 Fighting
 + Level 2.0 Throwing
 + Level 2.5 Dodging
 + Level 3.1 Unarmed Combat


You had one spell level left.
You didn't know any spells.
Your spell library was empty.

Dungeon Overview and Level Annotations

Branches:
Dungeon (1/15)

Altars:

Shops:
D:1 *


Innate Abilities, Weirdness & Mutations

You have extremely sharp teeth.
When hurt, damage is shared between your health and your magic reserves.
Your bite disrupts and absorbs the magic of your enemies.
Potions cannot restore your health.


Message History

You kill the quokka!
Your Throwing skill increases to level 2!
You have reached level 2!
There is a fountain of clear blue water here.
There is an entrance to Xekkol Efush's General Store here.
You can access your shopping list by pressing '$'.
There is a fountain of clear blue water here.
Found a robe.
Found a spear.
An endoplasm comes into view.
The endoplasm quivers.
The endoplasm moves out of view.
The endoplasm closely misses you.
You punch the endoplasm!
You kill the endoplasm!
Your Fighting skill increases to level 2!
No target in view!
No target in view!
A gnoll comes into view. It is wielding a +0 spear.
A gnoll is nearby!
The gnoll hits you from afar with a +0 spear.
Found 8 stones.
The gnoll hits you with a +0 spear.
You hit the gnoll but do no damage. You bite the gnoll, but do no damage.
The gnoll barely misses you.
You hit the gnoll.
The gnoll is lightly wounded.
The gnoll hits you with a +0 spear!
* * * LOW HITPOINT WARNING * * *
You hit the gnoll.
The gnoll is heavily wounded.
The gnoll hits you with a +0 spear.
* * * LOW HITPOINT WARNING * * *
Throw: 3 throwing nets
Press: ? - help, Shift-Dir - straight line, f - gnoll
Aim: a gnoll, wielding a +0 spear (heavily wounded, 64% to hit)
You throw a throwing net.
The throwing net closely misses the gnoll.
The gnoll hits you with a +0 spear!
Ouch! That really hurt!
You die...

##..........
#..........#
#..........#
#..........#
#..........#
#..........#
#..........#### ###
#(..g@......... ...
.......+#.############++
(...... #.# ##~~....
....... #.# #~~..~~~
.......##.#######~..~~..
.......+........#~.~~..~
.......#........#~.~~.~~
.......#........#~.~~.<.
#........#~..~~~.


You could see a gnoll.

Vanquished Creatures
  A ball python (D:1)
  An endoplasm (D:1)
  2 hobgoblins (D:1)
  A quokka (D:1)
  2 kobolds (D:1)
7 creatures vanquished.

Notes
Turn   | Place    | Note
-------+----------+-------------------------------------------
     0 | D:1      | Zonian the Vine Stalker Gladiator began the quest for the
                  | Orb.
     0 | D:1      | Reached XP level 1. HP: 11/11 MP: 2/2
   173 | D:1      | Found Xekkol Efush's General Store.
   179 | D:1      | Reached XP level 2. HP: 15/15 MP: 3/3
   286 | D:1      | Mangled by a gnoll

Illustrated notes

Levels and vault maps discovered:
D:1:      psy_arrival_whirlpool, layout_basic, serial_shops, shop_fountains

Skill      XL: |  1  2 |
---------------+-------+-----
Throwing       | 2 |  2.0
Fighting       | 2 |  2.0
Dodging        | |  2.5
Unarmed Combat | |  3.1

Action                     || total
---------------------------++-------
  Melee: Unarmed           ||    32
         Bite              ||     8
         Punch             ||     1
  Throw: Throwing net      ||     1
 Armour: Leather armour    ||     7
  Dodge: Dodged            ||    11

Table legend: (Time is in decaauts)
 A = Elapsed time spent in this place.
 B = Non-inter-level travel time spent in this place.
 C = Inter-level travel time spent in this place.
 D = Time resting spent in this place.
 E = Time spent auto-exploring this place.
 F = Levels seen in this place.
 G = Mean time per level.
                   A        B        C        D        E       F      G
               +--------+--------+--------+--------+--------+-----+--------+
         Total |    285 |    285 |      0 |     16 |    197 |   1 |  285.0 |
       Dungeon |    285 |    285 |      0 |     16 |    197 |   1 |  285.0 |
               +--------+--------+--------+--------+--------+-----+--------+

Top non-repeatable levels by time:
     D:1: 285 daAuts
